[Event "Hungarian Rapid-ch 2022"]
[Site "Ajka"]
[Date "2022.07.17"]
[Round "12.18"]
[White "Gombocz, Ferenc Jr."]
[Black "Leviczky, Tibor"]
[Result "1/2-1/2"]
[ECO "A30"]
[WhiteElo "2229"]
[BlackElo "2281"]
[Annotator "ChessBase"]
[PlyCount "100"]
[EventDate "2022.07.15"]
[EventType "swiss"]
[EventCountry "HUN"]
[SourceTitle "playchess.com"]
[Source "ChessBase"]
[SourceQuality "1"]
[TimeControl "900+10"]

1. c4 c5 2. g3 Nf6 3. Bg2 d5 4. cxd5 Nxd5 5. Nf3 Nc6 6. d4 Nf6 7. O-O e6 8. Ne5 Bd7 9. Nxd7 Qxd7 10. dxc5 Bxc5 11. Qxd7+ Kxd7 12. Rd1+ Ke7 13. Bxc6 bxc6 14. Nc3 Rhd8 15. Bg5 h6 16. Bxf6+ gxf6 17. e3 f5 18. Kf1 Bd6 19. Ke2 Rab8 20. b3 Be5 21. Rxd8 Rxd8 22. Rc1 Bxc3 23. Rxc3 Rc8 24. Rc4 Kd6 25. Rh4 Rh8 26. Ra4 Ra8 27. Kd3 e5 28. Rh4 Rh8 29. Rh5 Ke6 30. Kc4 f6 31. Kc5 Rd8 32. Kxc6 Rd2 33. a4 Rb2 34. Rxh6 Rxb3 35. Rh7 a5 36. Ra7 Rb2 37. Rxa5 Rxf2 38. h4 Rf3 39. Ra8 Rxg3 40. a5 f4 41. exf4 exf4 42. a6 Ra3 43. Kb7 f3 44. Re8+ Kf5 45. Re1 Kg4 46. Rh1 f2 47. a7 Rb3+ 48. Kc7 Ra3 49. Kb7 Rb3+ 50. Kc7 Ra3 1/2-1/2

[Event "Hungarian Rapid-ch 2022"]
[Site "Ajka"]
[Date "2022.07.17"]
[Round "12.19"]
[White "Lazarne Vajda, Szidonia"]
[Black "Gaal, Zsoka"]
[Result "1-0"]
[ECO "D05"]
[WhiteElo "2313"]
[BlackElo "2313"]
[Annotator "ChessBase"]
[PlyCount "88"]
[EventDate "2022.07.15"]
[EventType "swiss"]
[EventCountry "HUN"]
[SourceTitle "playchess.com"]
[Source "ChessBase"]
[SourceQuality "1"]
[TimeControl "900+10"]

1. d4 Nf6 2. Nf3 d5 3. e3 e6 4. Bd3 b6 5. O-O Bb7 6. c4 Bd6 7. Nc3 a6 8. cxd5 exd5 9. Ne5 O-O 10. f4 c5 11. Bd2 Nc6 12. Ne2 Ne4 13. Bxe4 dxe4 14. Nxc6 Bxc6 15. Bc3 Be7 16. dxc5 bxc5 17. Ng3 Qxd1 18. Rfxd1 f5 19. Rac1 Rac8 20. Be5 g6 21. Nf1 Rfd8 22. Rxd8+ Rxd8 23. b4 Rd5 24. bxc5 Rxc5 25. Rd1 Rc2 26. Nd2 Bc5 27. Nf1 Bb5 28. a4 Bd3 29. Ra1 Kf7 30. h3 Ke6 31. g4 Bxf1 32. Kxf1 Bxe3 33. Ra3 Rf2+ 34. Ke1 Rf3 35. Rc3 Bf2+ 36. Ke2 Rxc3 37. Bxc3 Bc5 38. Kd1 Kd5 39. Kc2 Be3 40. Be5 Bd4 41. Bc7 Kc4 42. Ba5 Be3 43. Bc7 Kb4 44. a5 Kc4 1-0

[Event "Hungarian Rapid-ch 2022"]
[Site "Ajka"]
[Date "2022.07.17"]
[Round "12.20"]
[White "Kassay, Krisztian"]
[Black "Egresi, Mate"]
[Result "0-1"]
[ECO "D00"]
[WhiteElo "2157"]
[BlackElo "2376"]
[Annotator "ChessBase"]
[PlyCount "64"]
[EventDate "2022.07.15"]
[EventType "swiss"]
[EventCountry "HUN"]
[SourceTitle "playchess.com"]
[Source "ChessBase"]
[SourceQuality "1"]
[TimeControl "900+10"]

1. d4 d5 2. Bf4 Nf6 3. e3 c5 4. c3 Nc6 5. Nf3 Nh5 6. Bg3 Nxg3 7. hxg3 cxd4 8. exd4 g6 9. Bd3 Bg7 10. Nbd2 O-O 11. b4 e5 12. b5 e4 13. bxc6 exd3 14. Nb3 Re8+ 15. Kf1 bxc6 16. Qxd3 Bf5 17. Qd2 Qb6 18. Kg1 Qb5 19. Qf4 Qd3 20. Kh2 Qxc3 21. Rhc1 Qb2 22. Rxc6 Qxf2 23. Ne5 Qe2 24. Nf3 Re4 25. Qd6 Qf2 26. Qxd5 Re2 27. Nh4 Be4 28. Qc5 Bxg2 29. d5 Bxd5+ 30. Qxf2 Rxf2+ 31. Kg1 Bxc6 32. Kxf2 Bxa1 0-1

[Event "Hungarian Rapid-ch 2022"]
[Site "Ajka"]
[Date "2022.07.17"]
[Round "12.21"]
[White "Papp, Bence"]
[Black "Martini, Balazs"]
[Result "0-1"]
[ECO "A50"]
[WhiteElo "2244"]
[BlackElo "2348"]
[Annotator "ChessBase"]
[PlyCount "110"]
[EventDate "2022.07.15"]
[EventType "swiss"]
[EventCountry "HUN"]
[SourceTitle "playchess.com"]
[Source "ChessBase"]
[SourceQuality "1"]
[TimeControl "900+10"]

1. d4 Nf6 2. c4 g6 3. h4 Bg7 4. Nc3 d6 5. e4 e5 6. d5 a5 7. Be2 Na6 8. h5 Nxh5 9. Bxh5 gxh5 10. Rxh5 Qf6 11. Be3 Qg6 12. Rg5 Qf6 13. Rg3 Bh6 14. Qd2 Bxe3 15. Qxe3 Bd7 16. O-O-O h5 17. Nge2 h4 18. Qg5 Qxg5+ 19. Rxg5 Ke7 20. Rh1 Kf6 21. Rf5+ Bxf5 22. exf5 Kxf5 23. f4 e4 24. Kd2 Rag8 25. Rh2 Nc5 26. Ke3 Re8 27. Nb5 Re7 28. g3 h3 29. Nbd4+ Kg4 30. b3 Nd7 31. Nc2 Nf6 32. Kd4 c5+ 33. dxc6 bxc6 34. Ne3+ Kf3 35. Nf5 c5+ 36. Kc3 Rd7 37. Kd2 e3+ 38. Nxe3 Ne4+ 39. Kd3 Nf2+ 40. Kd2 Ne4+ 41. Kd3 Nf2+ 42. Kd2 Ng4 43. Ng1+ Kxg3 44. Nf1+ Kxf4 45. Nxh3+ Kf5 46. Ng3+ Kf6 47. Rh1 d5 48. cxd5 Rxd5+ 49. Kc3 Ne3 50. Kb2 Ke7 51. Ka3 Rd3 52. Ne4 Nc2+ 53. Kb2 Nb4 54. Re1 Rhxh3 55. Nxc5+ Kf8 0-1

[Event "Hungarian Rapid-ch 2022"]
[Site "Ajka"]
[Date "2022.07.17"]
[Round "12.22"]
[White "Juhasz, Zoltan"]
[Black "Kiss, Pal"]
[Result "0-1"]
[ECO "B23"]
[WhiteElo "1985"]
[BlackElo "2243"]
[Annotator "ChessBase"]
[PlyCount "56"]
[EventDate "2022.07.15"]
[EventType "swiss"]
[EventCountry "HUN"]
[SourceTitle "playchess.com"]
[Source "ChessBase"]
[SourceQuality "1"]
[TimeControl "900+10"]

1. e4 c5 2. Nc3 e6 3. Nge2 Nc6 4. g3 d5 5. d3 d4 6. Nb1 e5 7. Bg2 Be6 8. b3 Bd6 9. O-O Nge7 10. f4 f6 11. f5 Bf7 12. a4 a6 13. Na3 b5 14. Bd2 Rb8 15. axb5 axb5 16. g4 h6 17. h4 Nc8 18. Qe1 Be7 19. Qg3 Nd6 20. Rfb1 Ra8 21. h5 Ra7 22. Qe1 O-O 23. Rb2 Qa8 24. Rbb1 Rxa3 25. Rxa3 Qxa3 26. Ra1 Qb2 27. Qd1 c4 28. Rb1 Qa3 0-1

[Event "Hungarian Rapid-ch 2022"]
[Site "Ajka"]
[Date "2022.07.17"]
[Round "12.23"]
[White "Reviczki, Roland"]
[Black "Udvardi, Zalan"]
[Result "0-1"]
[ECO "B40"]
[WhiteElo "2160"]
[BlackElo "2310"]
[Annotator "ChessBase"]
[PlyCount "80"]
[EventDate "2022.07.15"]
[EventType "swiss"]
[EventCountry "HUN"]
[SourceTitle "playchess.com"]
[Source "ChessBase"]
[SourceQuality "1"]
[TimeControl "900+10"]

1. e4 c5 2. Nf3 e6 3. d4 cxd4 4. Nxd4 Nf6 5. Nc3 Nc6 6. Ndb5 Bc5 7. Bf4 O-O 8. Bc7 Qe7 9. Bd6 Bxd6 10. Qxd6 Qd8 11. O-O-O a6 12. Nd4 Na5 13. Be2 b5 14. Rd2 Bb7 15. f3 Rc8 16. Rhd1 Ne8 17. Qb4 d6 18. a4 Nc4 19. Bxc4 Rxc4 20. Qb3 Qa5 21. axb5 axb5 22. Ndxb5 Rb4 23. Qa3 Rxb5 24. Nxb5 Qxb5 25. Rd3 Bc6 26. b3 f5 27. c4 Qb6 28. exf5 Rxf5 29. Qb2 Ra5 30. Re1 Qa7 31. Kb1 e5 32. h4 Bd7 33. g4 h5 34. b4 Ra4 35. c5 hxg4 36. fxg4 Bxg4 37. Qb3+ Kh8 38. Rde3 dxc5 39. bxc5 Qa5 40. Kc1 Ra1+ 0-1

[Event "Hungarian Rapid-ch 2022"]
[Site "Ajka"]
[Date "2022.07.17"]
[Round "12.24"]
[White "Nemeth, Zoltan"]
[Black "Tubak, Daniel"]
[Result "0-1"]
[ECO "A46"]
[WhiteElo "2242"]
[BlackElo "2182"]
[Annotator "ChessBase"]
[PlyCount "70"]
[EventDate "2022.07.15"]
[EventType "swiss"]
[EventCountry "HUN"]
[SourceTitle "playchess.com"]
[Source "ChessBase"]
[SourceQuality "1"]
[TimeControl "900+10"]

1. d4 Nf6 2. Nf3 e6 3. g3 d5 4. Bg2 Be7 5. O-O O-O 6. c4 b6 7. Ne5 Bb7 8. Nc3 Nbd7 9. Qa4 c6 10. cxd5 cxd5 11. Nxd7 Qxd7 12. Qxd7 Nxd7 13. Bf4 Ba6 14. Rfc1 Rac8 15. e4 dxe4 16. Nxe4 Nf6 17. Bd6 Bxd6 18. Nxd6 Rxc1+ 19. Rxc1 Rd8 20. Rc7 Rxd6 21. Rxa7 Bb5 22. Ra8+ Be8 23. g4 Kf8 24. g5 Nd5 25. Bf1 Ke7 26. a4 Rd8 27. Ra7+ Rd7 28. Ra8 Rc7 29. a5 bxa5 30. Rxa5 Rb7 31. Ra2 h6 32. h4 hxg5 33. hxg5 Rb4 34. Ra7+ Bd7 35. Bd3 g6 0-1

[Event "Hungarian Rapid-ch 2022"]
[Site "Ajka"]
[Date "2022.07.17"]
[Round "12.25"]
[White "Boguszlavszkij, Jevgenyij"]
[Black "Margl, Roland"]
[Result "1/2-1/2"]
[ECO "D00"]
[WhiteElo "1914"]
[BlackElo "2312"]
[Annotator "ChessBase"]
[PlyCount "114"]
[EventDate "2022.07.15"]
[EventType "swiss"]
[EventCountry "HUN"]
[SourceTitle "playchess.com"]
[Source "ChessBase"]
[SourceQuality "1"]
[TimeControl "900+10"]

1. d4 d5 2. Bf4 Nf6 3. e3 e6 4. Nf3 Bd6 5. Ne5 O-O 6. Nd2 c5 7. c3 Qc7 8. Bg3 Nc6 9. Ndf3 Ne4 10. Bd3 h6 11. Nxc6 Nxg3 12. Ne7+ Qxe7 13. hxg3 e5 14. dxe5 Bxe5 15. Nxe5 Qxe5 16. Qh5 Qxh5 17. Rxh5 Rd8 18. Be2 Be6 19. O-O-O Rd7 20. g4 f6 21. c4 Bf7 22. Rh4 Rad8 23. cxd5 Rxd5 24. Rxd5 Bxd5 25. Rh5 Kf8 26. Bf3 Bxf3 27. gxf3 b6 28. Kc2 Ke7 29. Rh1 Ke6 30. Kc3 b5 31. f4 Rd5 32. Re1 a5 33. b3 c4 34. bxc4 Rc5 35. Rb1 Rxc4+ 36. Kd3 Rc5 37. Rb2 b4 38. Kd4 Rc3 39. Rd2 g5 40. f5+ Kd6 41. f3 Ra3 42. Rh2 Ke7 43. Re2 a4 44. Rb2 Kd6 45. Rxb4 Rxa2 46. Rb6+ Ke7 47. Kc4 Rf2 48. Kd5 Rd2+ 49. Kc5 a3 50. Rb7+ Kf8 51. Ra7 a2 52. e4 Ke8 53. Kc4 Kf8 54. Kc3 Rf2 55. Kd4 Rd2+ 56. Ke3 Rb2 57. Kd3 Ke8 1/2-1/2

[Event "Hungarian Rapid-ch 2022"]
[Site "Ajka"]
[Date "2022.07.17"]
[Round "12.26"]
[White "Mozes, Ervin"]
[Black "Balint, Vilmos"]
[Result "1-0"]
[ECO "C08"]
[WhiteElo "2039"]
[BlackElo "2283"]
[Annotator "ChessBase"]
[PlyCount "83"]
[EventDate "2022.07.15"]
[EventType "swiss"]
[EventCountry "HUN"]
[SourceTitle "playchess.com"]
[Source "ChessBase"]
[SourceQuality "1"]
[TimeControl "900+10"]

1. e4 e6 2. d4 d5 3. Nd2 c5 4. exd5 exd5 5. Bb5+ Bd7 6. Qe2+ Be7 7. dxc5 Qa5 8. Bxd7+ Nxd7 9. Ngf3 Nxc5 10. O-O Ne6 11. Nb3 Qc7 12. Qb5+ Qc6 13. Nbd4 Qxb5 14. Nxb5 Nf6 15. Nfd4 Kd7 16. Be3 a6 17. Nc3 Rhd8 18. Rad1 Ke8 19. Rfe1 Kf8 20. a3 Rac8 21. Rd3 Nc5 22. Rdd1 Ne6 23. Rd3 Rc4 24. Nce2 Rdc8 25. c3 Ng4 26. Nf5 Nf6 27. Nxe7 Kxe7 28. Bd4 R4c6 29. Bxf6+ Kxf6 30. Rxd5 Rb6 31. Rd2 Nc5 32. Nf4 Rb3 33. Nd5+ Kg5 34. Re5+ Kh6 35. Ne7 Rc7 36. Rdd5 Rxe7 37. Rxe7 Rxb2 38. g3 b6 39. Rxf7 g6 40. h4 Ne4 41. Rdd7 Kh5 42. Rf4 1-0

[Event "Hungarian Rapid-ch 2022"]
[Site "Ajka"]
[Date "2022.07.17"]
[Round "12.27"]
[White "Kozma, Karoly"]
[Black "Gyenes, Mate"]
[Result "0-1"]
[ECO "A04"]
[WhiteElo "2213"]
[BlackElo "2048"]
[Annotator "ChessBase"]
[PlyCount "52"]
[EventDate "2022.07.15"]
[EventType "swiss"]
[EventCountry "HUN"]
[SourceTitle "playchess.com"]
[Source "ChessBase"]
[SourceQuality "1"]
[TimeControl "900+10"]

1. Nf3 c5 2. b3 Nc6 3. Bb2 d5 4. e3 Nf6 5. Bb5 e6 6. O-O Bd6 7. Ne5 Qc7 8. Bxc6+ bxc6 9. f4 Ba6 10. d3 Qb6 11. Rf3 d4 12. Nd2 Bxe5 13. fxe5 Ng4 14. exd4 cxd4 15. Rxf7 Kxf7 16. Qxg4 Rhf8 17. Ne4 Kg8 18. Nf6+ Kh8 19. Nd7 Qb4 20. Nxf8 Rxf8 21. Qxd4 Qd2 22. Ba3 c5 23. Bxc5 Bb7 24. Qg4 Rf5 25. Rd1 Qxc2 26. Be3 h5 0-1

[Event "Hungarian Rapid-ch 2022"]
[Site "Ajka"]
[Date "2022.07.17"]
[Round "12.28"]
[White "Pogany, Zsombor"]
[Black "Straubinger, Daniel"]
[Result "0-1"]
[ECO "C99"]
[WhiteElo "2178"]
[BlackElo "2349"]
[Annotator "ChessBase"]
[PlyCount "108"]
[EventDate "2022.07.15"]
[EventType "swiss"]
[EventCountry "HUN"]
[SourceTitle "playchess.com"]
[Source "ChessBase"]
[SourceQuality "1"]
[TimeControl "900+10"]

1. e4 e5 2. Nf3 Nc6 3. Bb5 a6 4. Ba4 Nf6 5. O-O Be7 6. Re1 b5 7. Bb3 d6 8. c3 O-O 9. h3 Na5 10. Bc2 c5 11. d4 Qc7 12. Nbd2 cxd4 13. cxd4 Nc6 14. d5 Nb4 15. Bb1 a5 16. a3 Na6 17. Nf1 Bd7 18. Be3 Rfc8 19. N1d2 a4 20. Bd3 Nc5 21. Bxc5 Qxc5 22. Rc1 Qb6 23. Bf1 Bd8 24. g3 Qa7 25. Qe2 Ba5 26. Red1 Rc7 27. Rxc7 Qxc7 28. Nb1 Rc8 29. Nc3 Bxc3 30. Rc1 Qb6 31. Rxc3 Rxc3 32. bxc3 Qc5 33. g4 Qxc3 34. g5 Nh5 35. Nh4 Nf4 36. Qf3 Qxf3 37. Nxf3 Nxh3+ 38. Kg2 Nf4+ 39. Kg3 f5 40. gxf6 Nh5+ 41. Kh4 Nxf6 42. Nd2 h6 43. f3 Kf8 44. Nb1 g5+ 45. Kg3 Ne8 46. Nc3 Nc7 47. Bh3 Bxh3 48. Kxh3 h5 49. Ne2 Ke7 50. Kg2 Kd7 51. Ng3 h4 52. Ne2 b4 53. axb4 Nb5 54. Nc1 Nc3 0-1

[Event "Hungarian Rapid-ch 2022"]
[Site "Ajka"]
[Date "2022.07.17"]
[Round "12.29"]
[White "Bodi, Tibor"]
[Black "Kolimar, Kristof Pal"]
[Result "1-0"]
[ECO "A00"]
[WhiteElo "2301"]
[BlackElo "2160"]
[Annotator "ChessBase"]
[PlyCount "69"]
[EventDate "2022.07.15"]
[EventType "swiss"]
[EventCountry "HUN"]
[SourceTitle "playchess.com"]
[Source "ChessBase"]
[SourceQuality "1"]
[TimeControl "900+10"]

1. Nc3 d5 2. e4 d4 3. Nce2 e5 4. Ng3 Be6 5. Nf3 Bd6 6. Bb5+ c6 7. Ba4 Nd7 8. Bb3 Bxb3 9. axb3 g6 10. d3 f6 11. O-O h5 12. Nh4 Ne7 13. Bd2 Kf7 14. c3 c5 15. b4 b6 16. Qb3+ Kg7 17. bxc5 Bxc5 18. Kh1 a5 19. f4 Rc8 20. fxe5 Nxe5 21. Nf3 N7c6 22. Ne2 dxc3 23. Bxc3 Qxd3 24. Nxe5 Nxe5 25. Rxf6 Rhe8 26. Rxg6+ Kh7 27. Nf4 Qe3 28. Qd1 Ng4 29. Rxg4 hxg4 30. Qd7+ Re7 31. Qf5+ Kg8 32. Qxc8+ Kf7 33. Qxg4 Qxe4 34. Qh5+ Kg8 35. Nd5 1-0

[Event "Hungarian Rapid-ch 2022"]
[Site "Ajka"]
[Date "2022.07.17"]
[Round "12.30"]
[White "Dobos, Jozsef"]
[Black "Molnar, Aurel Jr."]
[Result "0-1"]
[ECO "A00"]
[WhiteElo "2244"]
[BlackElo "2014"]
[Annotator "ChessBase"]
[PlyCount "52"]
[EventDate "2022.07.15"]
[EventType "swiss"]
[EventCountry "HUN"]
[SourceTitle "playchess.com"]
[Source "ChessBase"]
[SourceQuality "1"]
[TimeControl "900+10"]

1. a3 d5 2. g3 g6 3. Bg2 Bg7 4. f4 Nf6 5. Nf3 O-O 6. O-O c5 7. d3 Nc6 8. Nc3 d4 9. Ne4 Nxe4 10. dxe4 e5 11. f5 gxf5 12. Nh4 f4 13. Nf5 Bxf5 14. exf5 Re8 15. Be4 Kh8 16. Qd3 Qf6 17. Rf3 Bh6 18. Bd2 Rg8 19. Kh1 fxg3 20. hxg3 Bxd2 21. Qxd2 Rg4 22. Bxc6 Qxc6 23. Kh2 e4 24. Rb3 e3 25. Qe1 Rag8 26. f6 Rh4+ 0-1

[Event "Hungarian Rapid-ch 2022"]
[Site "Ajka"]
[Date "2022.07.17"]
[Round "13.2"]
[White "Hoang, Thanh Trang"]
[Black "Balog, Imre"]
[Result "0-1"]
[ECO "A48"]
[WhiteElo "2376"]
[BlackElo "2594"]
[Annotator "ChessBase"]
[PlyCount "128"]
[EventDate "2022.07.15"]
[EventType "swiss"]
[EventCountry "HUN"]
[SourceTitle "playchess.com"]
[Source "ChessBase"]
[SourceQuality "1"]
[TimeControl "900+10"]

1. d4 Nf6 2. Nf3 g6 3. Bf4 Bg7 4. e3 c5 5. c3 b6 6. Nbd2 Bb7 7. Be2 d6 8. h3 Nbd7 9. O-O O-O 10. a4 a6 11. Bh2 Qc7 12. Qb3 Rab8 13. Rfd1 b5 14. axb5 axb5 15. dxc5 Nxc5 16. Qb4 Nd5 17. Qh4 Na4 18. c4 Nxb2 19. cxd5 Nxd1 20. Rxd1 Bxd5 21. e4 Ba8 22. Bf4 Rfe8 23. Rb1 b4 24. Bc4 e6 25. Bb3 Rb6 26. Rd1 Qc3 27. Bh6 Ra6 28. Bxg7 Kxg7 29. e5 Bxf3 30. gxf3 Qxe5 31. Qxb4 d5 32. f4 Rb8 33. fxe5 Rxb4 34. Kg2 Ra3 35. Rb1 g5 36. Bd1 Rxb1 37. Nxb1 Ra1 38. Bc2 Ra2 39. Bd3 Rb2 40. Kf3 h5 41. Ke3 f6 42. exf6+ Kxf6 43. Nc3 Rb3 44. Kd2 Ke5 45. Ne2 Rb4 46. Ke3 Ra4 47. Bg6 Ra3+ 48. Bd3 Kf6 49. Ng3 h4 50. Nh5+ Ke5 51. f4+ gxf4+ 52. Nxf4 Kf6 53. Ke2 Ra5 54. Ng2 Kg5 55. Ne1 Kf4 56. Bg6 Ra2+ 57. Kd1 Rh2 58. Bf7 Kf5 59. Nf3 Rh1+ 60. Ke2 Kf6 61. Bg8 Rxh3 62. Bxe6 Rxf3 63. Bxd5 Rf4 64. Bc6 h3 0-1

[Event "Hungarian Rapid-ch 2022"]
[Site "Ajka"]
[Date "2022.07.17"]
[Round "13.3"]
[White "Kozak, Adam"]
[Black "Lizak, Peter"]
[Result "1-0"]
[ECO "A05"]
[WhiteElo "2522"]
[BlackElo "2400"]
[Annotator "ChessBase"]
[PlyCount "125"]
[EventDate "2022.07.15"]
[EventType "swiss"]
[EventCountry "HUN"]
[SourceTitle "playchess.com"]
[Source "ChessBase"]
[SourceQuality "1"]
[TimeControl "900+10"]

1. Nf3 Nf6 2. b3 g6 3. Bb2 Bg7 4. g3 b6 5. Bg2 Bb7 6. O-O O-O 7. c4 c5 8. Nc3 Ne4 9. Rc1 d6 10. e3 Nd7 11. d4 Nxc3 12. Bxc3 Nf6 13. Re1 Be4 14. Bh3 Qc7 15. Nd2 Bb7 16. d5 Rae8 17. e4 e5 18. f4 exf4 19. gxf4 Bc8 20. Bg2 Bg4 21. Qc2 Nh5 22. Bxg7 Kxg7 23. Qc3+ f6 24. Qe3 Qe7 25. h3 Bc8 26. Bf3 Kh8 27. Bxh5 gxh5 28. Kh2 Rg8 29. Rg1 Rg6 30. Rce1 Qg7 31. Nf3 Qh6 32. Nh4 Rgg8 33. Qf3 Bd7 34. Qe3 a6 35. Rxg8+ Rxg8 36. e5 fxe5 37. fxe5 Qxe3 38. Rxe3 dxe5 39. Rxe5 b5 40. Nf3 bxc4 41. bxc4 Rf8 42. Kg3 Bxh3 43. Rxh5 Bf1 44. Nd2 Bd3 45. d6 Rd8 46. Rd5 Bg6 47. Nb3 Bf7 48. Rd2 Bxc4 49. Nxc5 Kg8 50. d7 Bb5 51. a4 Bc6 52. Rd6 Bxd7 53. Rxd7 Ra8 54. Kf4 Rc8 55. Rd5 Rc6 56. a5 Kf7 57. Kf5 Rf6+ 58. Ke5 Rc6 59. Rd7+ Kg6 60. Kd5 Rf6 61. Rb7 h5 62. Rb6 h4 63. Ne4 1-0

[Event "Hungarian Rapid-ch 2022"]
[Site "Ajka"]
[Date "2022.07.17"]
[Round "13.4"]
[White "Korpa, Bence"]
[Black "Aczel, Gergely"]
[Result "1/2-1/2"]
[ECO "A45"]
[WhiteElo "2537"]
[BlackElo "2499"]
[Annotator "ChessBase"]
[PlyCount "60"]
[EventDate "2022.07.15"]
[EventType "swiss"]
[EventCountry "HUN"]
[SourceTitle "playchess.com"]
[Source "ChessBase"]
[SourceQuality "1"]
[TimeControl "900+10"]

1. d4 Nf6 2. Nc3 d5 3. Bf4 e6 4. Nb5 Na6 5. e3 c6 6. Nc3 Nb8 7. g4 b6 8. g5 Nfd7 9. Qg4 Bb4 10. h4 e5 11. dxe5 Nc5 12. Qf3 Bf5 13. Nge2 Be4 14. Qh3 Bxh1 15. Qxh1 Na4 16. O-O-O Bxc3 17. Nxc3 Nxc3 18. bxc3 Qe7 19. e4 Qa3+ 20. Kd2 O-O 21. exd5 cxd5 22. Qxd5 Na6 23. Qb3 Rad8+ 24. Ke1 Rxd1+ 25. Kxd1 Rd8+ 26. Ke1 Qa5 27. Bc4 Nc5 28. Bxf7+ Kf8 29. Qc4 Na4 30. e6 Qxc3+ 1/2-1/2

[Event "Hungarian Rapid-ch 2022"]
[Site "Ajka"]
[Date "2022.07.17"]
[Round "13.6"]
[White "Horvath, Csaba"]
[Black "Antal, Gergely"]
[Result "1-0"]
[ECO "A05"]
[WhiteElo "2506"]
[BlackElo "2571"]
[Annotator "ChessBase"]
[PlyCount "79"]
[EventDate "2022.07.15"]
[EventType "swiss"]
[EventCountry "HUN"]
[SourceTitle "playchess.com"]
[Source "ChessBase"]
[SourceQuality "1"]
[TimeControl "900+10"]

1. Nf3 Nf6 2. b3 g6 3. Bb2 Bg7 4. c4 O-O 5. g3 d6 6. d4 e5 7. dxe5 Nfd7 8. Nc3 dxe5 9. Bg2 a5 10. Qd2 c6 11. O-O Nc5 12. Qe3 Ncd7 13. Ba3 Re8 14. Ne4 Na6 15. Nd6 Bf8 16. Rad1 Bxd6 17. Bxd6 Qf6 18. a3 b6 19. Nxe5 Rxe5 20. Bxe5 Nxe5 21. f4 Nd7 22. Qe8+ Kg7 23. Rxd7 Bxd7 24. Qxa8 Qd4+ 25. Kh1 Nc5 26. Bxc6 Bf5 27. Bf3 Nxb3 28. Qd5 Qf6 29. Qe5 Qxe5 30. fxe5 Kf8 31. Bd5 Ke7 32. e4 Nd2 33. Re1 Be6 34. Rc1 Bg4 35. Kg2 Bf3+ 36. Kf2 Bxe4 37. Ke3 Nb3 38. Rc3 Bxd5 39. cxd5 Nc5 40. Kd4 1-0

[Event "Hungarian Rapid-ch 2022"]
[Site "Ajka"]
[Date "2022.07.17"]
[Round "13.7"]
[White "Prohaszka, Peter"]
[Black "Jakab, Attila"]
[Result "1-0"]
[ECO "A40"]
[WhiteElo "2570"]
[BlackElo "2311"]
[Annotator "ChessBase"]
[PlyCount "59"]
[EventDate "2022.07.15"]
[EventType "swiss"]
[EventCountry "HUN"]
[SourceTitle "playchess.com"]
[Source "ChessBase"]
[SourceQuality "1"]
[TimeControl "900+10"]

1. d4 e6 2. Nf3 Nf6 3. Bf4 d6 4. h3 b6 5. e3 Bb7 6. Be2 Nbd7 7. O-O Ne4 8. Bh2 Be7 9. Nfd2 Ndf6 10. a4 a6 11. Bf3 Qc8 12. c4 O-O 13. Nc3 Nxd2 14. Bxb7 Qxb7 15. Qxd2 Ne4 16. Nxe4 Qxe4 17. a5 Rfb8 18. Rfc1 h6 19. b4 Ra7 20. axb6 Rxb6 21. Ra4 Rab7 22. c5 dxc5 23. dxc5 Rxb4 24. Rxb4 Rxb4 25. Bxc7 Rc4 26. Rxc4 Qxc4 27. Bd6 Bf6 28. Qa5 h5 29. Qb6 h4 30. c6 1-0

[Event "Hungarian Rapid-ch 2022"]
[Site "Ajka"]
[Date "2022.07.17"]
[Round "13.8"]
[White "Tolnai, Tibor"]
[Black "Kaczur, Florian"]
[Result "1/2-1/2"]
[ECO "C55"]
[WhiteElo "2433"]
[BlackElo "2482"]
[Annotator "ChessBase"]
[PlyCount "88"]
[EventDate "2022.07.15"]
[EventType "swiss"]
[EventCountry "HUN"]
[SourceTitle "playchess.com"]
[Source "ChessBase"]
[SourceQuality "1"]
[TimeControl "900+10"]

1. e4 e5 2. Nf3 Nc6 3. Bc4 Nf6 4. d3 Be7 5. O-O O-O 6. Bb3 d6 7. c3 Na5 8. Bc2 c5 9. h3 b5 10. d4 exd4 11. cxd4 Nc6 12. e5 dxe5 13. dxe5 Nd5 14. a3 c4 15. Be4 Be6 16. Nc3 Nxc3 17. bxc3 Qxd1 18. Rxd1 Rac8 19. Bxc6 Rxc6 20. Nd4 Rb6 21. Nxe6 Rxe6 22. Rd5 Rd8 23. Rxb5 Rb6 24. Ra5 Rd1+ 25. Kh2 Rb7 26. a4 h5 27. Rb5 Rxb5 28. axb5 Bc5 29. Kg3 h4+ 30. Kf3 Rf1 31. Ke4 Rxf2 32. Kd5 Bb6 33. Bg5 Rxg2 34. Bxh4 g5 35. Be1 Rh2 36. Kxc4 Rxh3 37. Ra2 Re3 38. Bf2 Rxe5 39. Bd4 Re6 40. Kd5 Re8 41. Rxa7 Rd8+ 42. Ke4 Rxd4+ 43. cxd4 Bxa7 44. d5 Kf8 1/2-1/2

[Event "Hungarian Rapid-ch 2022"]
[Site "Ajka"]
[Date "2022.07.17"]
[Round "13.9"]
[White "Kantor, Gergely"]
[Black "Csonka, Balazs"]
[Result "1/2-1/2"]
[ECO "E47"]
[WhiteElo "2582"]
[BlackElo "2495"]
[Annotator "ChessBase"]
[PlyCount "83"]
[EventDate "2022.07.15"]
[EventType "swiss"]
[EventCountry "HUN"]
[SourceTitle "playchess.com"]
[Source "ChessBase"]
[SourceQuality "1"]
[TimeControl "900+10"]

1. d4 Nf6 2. c4 e6 3. Nc3 Bb4 4. e3 O-O 5. Bd3 Re8 6. a3 Bxc3+ 7. bxc3 e5 8. Ne2 Nc6 9. O-O b6 10. e4 exd4 11. cxd4 Nxe4 12. d5 Na5 13. Qc2 Nf6 14. Bb2 d6 15. Ng3 Bd7 16. Rfe1 Rxe1+ 17. Rxe1 Nb7 18. Ne4 Nxe4 19. Bxe4 Qh4 20. Qc3 f6 21. Bc2 Re8 22. Bf5 Ba4 23. Be6+ Kf8 24. Qf3 Nc5 25. g3 Qh6 26. Re3 Bd7 27. Qf5 Nxe6 28. dxe6 Bc6 29. g4 Qg6 30. h4 Qxf5 31. gxf5 Ke7 32. h5 Rg8 33. Kf1 g6 34. hxg6 hxg6 35. Rh3 gxf5 36. Rh7+ Kxe6 37. Rxc7 Bf3 38. Rxa7 Rc8 39. Ra4 f4 40. c5 Rxc5 41. Rxf4 Rf5 42. Rxf5 1/2-1/2

[Event "Hungarian Rapid-ch 2022"]
[Site "Ajka"]
[Date "2022.07.17"]
[Round "13.10"]
[White "Mihok, Oliver"]
[Black "Csiszar, Csaba"]
[Result "0-1"]
[ECO "A04"]
[WhiteElo "2549"]
[BlackElo "2389"]
[Annotator "ChessBase"]
[PlyCount "124"]
[EventDate "2022.07.15"]
[EventType "swiss"]
[EventCountry "HUN"]
[SourceTitle "playchess.com"]
[Source "ChessBase"]
[SourceQuality "1"]
[TimeControl "900+10"]

1. Nf3 c5 2. b3 Nc6 3. Bb2 Nf6 4. c4 g6 5. g3 Bg7 6. Bg2 O-O 7. O-O d6 8. d4 cxd4 9. Nxd4 Bd7 10. Nc2 Qc8 11. Re1 Bh3 12. Bh1 Rd8 13. Nc3 Ng4 14. f3 Nge5 15. Rb1 e6 16. e4 Qc7 17. Bg2 Qb6+ 18. Kh1 Bxg2+ 19. Kxg2 a6 20. Qd2 Rac8 21. Rbd1 Nxc4 22. Na4 Qb5 23. bxc4 Qxa4 24. Bxg7 Kxg7 25. Ne3 Ne5 26. Qd4 Kg8 27. Re2 Nxc4 28. Ng4 e5 29. Qd5 Kg7 30. Rb1 b5 31. h4 h5 32. Nf2 Qa3 33. Nd3 Nb6 34. Qb3 Rc3 35. Qxa3 Rxa3 36. Nb4 Rc8 37. Rd1 Rc4 38. Rxd6 Rxb4 39. Rxb6 Rba4 40. Re1 Rxa2+ 41. Kh3 Ra1 42. Re2 R4a2 43. Rxa2 Rxa2 44. g4 Ra3 45. Kg3 hxg4 46. Kxg4 Ra4 47. h5 gxh5+ 48. Kxh5 b4 49. Kg5 a5 50. Kf5 Ra3 51. Kxe5 Rxf3 52. Rb5 Ra3 53. Kd4 b3 54. Kc3 a4 55. e5 Ra2 56. Rb7 Kg6 57. Rb6+ Kf5 58. Rf6+ Kxe5 59. Rxf7 b2 60. Rb7 a3 61. Rb5+ Kd6 62. Kc2 Ra1 0-1

[Event "Hungarian Rapid-ch 2022"]
[Site "Ajka"]
[Date "2022.07.17"]
[Round "13.11"]
[White "Bagi, Mate"]
[Black "Krstulovic, Alex"]
[Result "1/2-1/2"]
[ECO "B10"]
[WhiteElo "2460"]
[BlackElo "2413"]
[Annotator "ChessBase"]
[PlyCount "45"]
[EventDate "2022.07.15"]
[EventType "swiss"]
[EventCountry "HUN"]
[SourceTitle "playchess.com"]
[Source "ChessBase"]
[SourceQuality "1"]
[TimeControl "900+10"]

1. e4 c6 2. Nf3 d5 3. Nc3 dxe4 4. Nxe4 Nf6 5. Qe2 Nxe4 6. Qxe4 Nd7 7. Bc4 Nf6 8. Ne5 e6 9. Qe2 b5 10. Bb3 Qc7 11. O-O Bd6 12. d4 O-O 13. Bf4 a5 14. c3 c5 15. dxc5 Qxc5 16. Rad1 Bb7 17. Nd7 Nxd7 18. Bxd6 Qc6 19. Qg4 Nf6 20. Qh3 Rfd8 21. Be5 Qe4 22. Rde1 Qg4 23. Qxg4 1/2-1/2